 Dungeon Crawl Stone Soup version 0.21-a0-270-g8204059 (webtiles) character file.

628485 Lavandula the Warrior (level 26, -35/231 (232) HPs)
             Began as a Ghoul Warper on Sept 14, 2017.
             Was the Champion of Cheibriados.
             Killed from afar by a hellion (39 damage)
             ... with damnation
             ... in Pandemonium.
             The game lasted 06:37:22 (33176 turns).

Lavandula the Warrior (Ghoul Warper)               Turns: 33176, Time: 06:37:23

HP:   -35/231 (232) AC: 24    Str: 34    XL:     26   Next: 78%
MP:   17/42         EV: 27    Int: 29    God:    Cheibriados [******]
Gold: 2046          SH:  4    Dex: 34    Spells: 1/57 levels left

rFire    + + .     SeeInvis +   E - +8 halberd (freeze)
rCold    + . .     Gourm    .   (shield currently unavailable)
rNeg     + + +     Faith    .   I - +6 scale mail {MR+}
rPois    ∞         Spirit   .   l - +2 hat
rElec    +         Reflect  +   D - scarf "Bozotael" {rPois MR+ Str+2}
rCorr    .         Harm     .   g - +2 pair of gloves {archery}
MR       +++..                  B - +0 pair of boots "Usuos" {rF+ Str-3 Dex+7}
Stlth    +++.......             r - +4 amulet of reflection
HPRegen  0.00/turn              v - ring of see invisible
MPRegen  0.28/turn              d - ring of the Okapi {rElec rF+ AC+3 Dex+3}

@: shrouded, flying (expiring), rotting, very slow
A: rotting body, claws 1, carnivore 3, cold resistance 1, negative energy
resistance 3, inhibited regeneration, torment resistance, unbreathing
}: 6/15 runes: barnacled, silver, abyssal, magical, fiery, gossamer
a: Bend Time, Temporal Distortion, Slouch, Step From Time, Renounce Religion


You were in Pandemonium.
You worshipped Cheibriados.
Cheibriados was exalted by your worship.
You were not hungry.

You visited 9 branches of the dungeon, and saw 42 of its levels.
You visited Pandemonium 3 times, and saw 17 of its levels.
You visited the Abyss 2 times.
You also visited: Wizlab.

You collected 6571 gold pieces.
You spent 4525 gold pieces at shops.

Inventory:

Hand Weapons
 q - a +2 bardiche of protection
 E - a +8 halberd of freezing (weapon)
 L - a +3 glaive of flaming
 O - the +6 demon trident of the Demagogue {flame, rPois rF+}
   (You found it in Pandemonium)

   It has been specially enchanted to burn those struck by it, causing extra
   injury to most foes and up to half again as much damage against particularly
   susceptible opponents.
   It protects you from fire.
   It protects you from poison.
Missiles
 h - 11 javelins of returning (quivered)
 N - 9 throwing nets
Armour
 b - the +3 cloak of Happiness {Dex+6}
   (You found it in a wizard's laboratory)

   It affects your dexterity (+6).
 g - a +2 pair of gloves of archery (worn)
 l - a +2 hat (worn)
 p - the +9 scale mail of Cayh {rC- rN+++ Regen+ Str+4}
   (You took it off a monstrous demonspawn in Pandemonium)

   It affects your strength (+4).
   It makes you vulnerable to cold.
   It renders you almost immune to negative energy.
   It increases your rate of regeneration.
 u - the +2 cloak of the Thief {+Fog Slay-2 SInv Stlth+}
   (You found it in a wizard's laboratory)

   It affects your accuracy and damage with ranged weapons and melee attacks
   (-2).
   It lets you see invisible.
   It makes you more stealthy.
 B - the +0 pair of boots "Usuos" (worn) {rF+ Str-3 Dex+7}
   (You bought it in a shop on level 13 of the Dungeon)

   It affects your strength (-3).
   It affects your dexterity (+7).
   It protects you from fire.
 D - the scarf "Bozotael" (worn) {rPois MR+ Str+2}
   (You acquired it on level 2 of the Spider Nest)

   It affects your strength (+2).
   It protects you from poison.
   It affects your resistance to hostile enchantments.
 I - a +6 scale mail of magic resistance (worn)
Magical Staves
 Q - an uncursed staff of energy
Jewellery
 d - the ring of the Okapi (right hand) {rElec rF+ AC+3 Dex+3}
   (You found it on level 4 of the Shoals)

   [ring of protection]

   It affects your AC (+3).
   It affects your dexterity (+3).
   It protects you from fire.
   It insulates you from electricity.
 r - a +4 amulet of reflection (around neck)
 v - a ring of see invisible (left hand)
 H - an uncursed ring of protection from magic
 U - a +6 ring of dexterity
Wands
 t - a wand of digging (5/24)
 J - a wand of paralysis (11/24)
 R - a wand of confusion (30/48)
Scrolls
 i - 4 scrolls of teleportation
 j - 3 scrolls of torment
 k - 4 scrolls of amnesia
 o - a scroll of fear
 s - 6 scrolls of vulnerability
 z - 11 scrolls of magic mapping
 A - 7 scrolls of recharging
 C - 2 scrolls of immolation
 M - 3 scrolls of summoning
 P - 11 scrolls of remove curse
 S - a scroll of identify
 V - 4 scrolls of enchant armour
 X - 2 scrolls of silence
 Y - 4 scrolls of fog
Potions
 a - a potion of resistance
 e - 4 potions of invisibility
 n - 9 potions of agility
 w - 6 potions of curing
 x - 6 potions of brilliance
 F - a potion of ambrosia
 G - 3 potions of might
 K - 3 potions of magic
 Z - 4 potions of cancellation
Books
 c - a Grand Grimoire

   Spells                             Type                      Level
   a - Monstrous Menagerie            Summoning                    7
   b - Summon Greater Demon           Summoning                    7
   c - Malign Gateway                 Summoning/Translocation      7
   d - Summon Horrible Things         Summoning                    8
Miscellaneous
 m - a lamp of fire
 y - a lightning rod (4/4)
 T - 2 boxes of beasts
Comestibles
 f - 7 meat rations


   Skills:
 - Level 18.0 Fighting
 + Level 17.1 Polearms
 - Level 5.1 Throwing
 - Level 9.1 Armour
 - Level 13.3 Dodging
 - Level 7.2 Stealth
 - Level 6.0 Unarmed Combat
 - Level 16.0 Spellcasting
 - Level 11.1 Conjurations
 - Level 2.1 Hexes
 - Level 4.3 Charms
 - Level 17.9 Summonings
 - Level 11.6 Necromancy
 - Level 10.5 Translocations
 - Level 2.3 Air Magic
 - Level 3.1 Earth Magic
 - Level 5.3 Invocations
 - Level 5.3 Evocations


You had one spell level left.
You knew the following spells:

 Your Spells              Type           Power        Failure   Level  Hunger
a - Blink                 Tloc           N/A          1%          2    None
b - Shroud of Golubria    Chrm/Tloc      ######....   1%          2    None
c - Control Undead        Necr           ######....   1%          4    None
d - Summon Lightning Spi  Summ/Air       ######..     1%          4    None
e - Spectral Weapon       Hex/Chrm       #####...     2%          3    None
f - Passage of Golubria   Tloc           N/A          1%          4    None
g - Apportation           Tloc           ######       1%          1    None
h - Spellforged Servitor  Conj/Summ      #######...   8%          7    #####..
i - Malign Gateway        Summ/Tloc      #######...   9%          7    #####..
j - Summon Horrible Thin  Summ           #######...   14%         8    ######.
k - Lesser Beckoning      Tloc           ######....   1%          3    None
l - Animate Skeleton      Necr           N/A          1%          1    None
m - Iron Shot             Conj/Erth      ######....   28%         6    ###....
n - Regeneration          Chrm/Necr      ######....   1%          3    None
o - Summon Butterflies    Summ           #######.     0%          1    None


Dungeon Overview and Level Annotations

Branches:
Dungeon (15/15)            Temple (0/1) D:4            Lair (5/6) D:10
 Shoals (4/4) Lair:4       Spider (4/4) Lair:3          Orc (2/2) D:10
    Elf (0/3) Orc:2        Vaults (5/5) D:13          Crypt (3/3) Vaults:2
   Tomb (1/3) Crypt:3      Depths (3/5) D:15
  Slime: Lair:5-6

Altars:
Cheibriados
Fedhas
Hepliaklqana
Kikubaaqudgha
Okawaru
Ru
Uskayaw
Vehumet
Yredelemnul
The Shining One
Beogh

Shops:
D:6 *   D:9 }   D:13 [   Orc:1 }   Orc:2 ?!**(:*   Shoals:1 ([!   Shoals:3 *
Vaults:1 *%   Vaults:3 %   Vaults:4 *   Vaults:5 !?!}

Portals:
Hell: Depths:1 Depths:2 Depths:3
Pandemonium: Depths:2 Depths:3

Annotations:
D:9 exclusion: hydra
Lair:2 exclusion: 2 oklob plants
Lair:5 exclusion: upstairs
Pan 1 exclusion, Lom Lobon


Innate Abilities, Weirdness & Mutations

Your body is rotting away.
You thrive on raw meat.
You are immune to poison.
You have sharp fingernails.
You are carnivorous and can eat meat at any time.
Your flesh is cold resistant. (rC+)
You are immune to negative energy. (rN+++)
You do not regenerate when monsters are visible.
You are immune to unholy pain and torment.
You can survive without breathing.


Message History

The hellion gestures at you.
The sphere of damnation explodes!
The damnation engulfs you!
A hellion comes into view.
The hellion gestures at you.
The sphere of damnation explodes!
The damnation engulfs you! The hellion gestures at you.
The sphere of damnation explodes!
The damnation engulfs you! The hellion gestures at you.
The sphere of damnation explodes!
The damnation engulfs you!
* * * LOW HITPOINT WARNING * * *
The hellion gestures at you.
The sphere of damnation explodes!
The damnation engulfs you!
* * * LOW HITPOINT WARNING * * *
Peheigol sneers, "I will feast on thy viscera!"
Peheigol gestures at you.
The sphere of damnation explodes!
The damnation engulfs you!
* * * LOW HITPOINT WARNING * * *
The hellion gestures at you.
The sphere of damnation explodes!
The damnation engulfs you!
You die...

*,≈≈≈≈≈,,,,,,,,≈≈≈≈,,**,,,,,*,,,,
,,≈≈≈≈,,,2φ.2&≈≈≈≈≈...+,,,,,*,,,,
#.≈≈§≈3≈.22222≈≈§≈....**,,****+**
*...≈≈≈§22Y22≈≈≈§≈.1..,*,,+,,,,,,
,,§§≈≈§≈§22≈≈≈≈§≈..##'####*,,,,,,
.,#..§§≈§§§§§§§§§§.......#,,,,,,*
..#..§§§≈§§§§§§§§§.......+,,,,,,+
..'....§.§§§§§§§§#.│.....#,,,,,**
,,#..).§.§§§§§&§@#......[#,,,,,*,
,,####'######8####.....[.#**'***,
,,#......#XX8.§..+.......#*,,,**,
+*##.....##X....##∩..)...#,,,,,**
,,,#..^..['X....####'#####,,,,,,*
,,,##.....##.^.##....###,,,,,,,,,
....'......#...+.......#****+****
....##.....##.##.......#,,,,,,,,*
....*#......#.#.......##,,,,,,,**


You could see Lom Lobon, Peheigol, a hellephant, an Ice Fiend, 12 hellions and a
friendly spellforged servitor.

Vanquished Creatures
  Mennas (Pan)
  Sojobo (Crypt:1)
  Saint Roka (Depths:1)
  3 golden dragons
  A caustic shrike (Depths:2)
  2 profane servitors
  5 bone dragons
  the Enchantress (Depths:1)
  A Tzitzimitl (Pan)
  4 Brimstone Fiends (Pan)
  Rupert (Lair:4)
  2 tentacled monstrosities
  A hellephant (Abyss:4)
  An Ice Fiend (Pan)
  A lich (Depths:1)
  6 titans
  3 sphinxes
  10 Executioners
  Gastronok (Lair:2)
  7 storm dragons
  4 shadow dragons
  3 ancient champions (Crypt:3)
  Frances (D:13)
  6 tengu reavers
  8 tentacled starspawn
  Kirke (D:15)
  A nagaraja (Abyss:5)
  A draconian monk (Abyss:1)
  2 revenants
  2 blood saints (Pan)
  Aizul (Spider:2)
  5 fire giants
  17 vault wardens
  2 iron dragons
  11 balrugs (Pan)
  4 frost giants
  A juggernaut zombie (Crypt:1)
  2 ghost moths
  4 black suns (Pan)
  4 cacodemons
  3 spriggan defenders (Depths:1)
  5 emperor scorpions (Spider:4)
  2 ghouls
  18 ironheart preservers
  An angel (Pan)
  2 war gargoyles (Vaults:5)
  A curse skull (Crypt:3)
  13 stone giants
  A corrupter (Pan)
  Nessos (D:13)
  2 reapers (Pan)
  14 very ugly things
  4 vampire knights
  2 entropy weavers
  6 deep elf annihilators
  A dire elephant (shapeshifter) (Depths:2)
  3 lorocyprocas
  A black draconian (WizLab)
  7 spark wasps
  2 merfolk javelineers (Shoals:4)
  5 green deaths (Pan)
  13 ettins
  3 deep elf death magi
  16 blizzard demons
  3 merfolk impalers
  11 jiangshi (Crypt:3)
  2 eidola
  4 fire dragons
  11 ogre magi
  Josephine (Lair:4)
  6 great orbs of eyes
  29 vault guards
  10 yaktaur captains
  8 ice dragons
  3 merfolk avatars
  6 rakshasas
  4 monstrous demonspawn (Pan)
  3 spriggan air magi
  3 hydras
  A quicksilver dragon skeleton (Depths:2)
  4 catoblepae
  A hell beast (Depths:1)
  4 merfolk aquamancers
  30 two-headed ogres
  10 death knights
  An anaconda (shapeshifter) (Depths:2)
  2 satyrs
  An alligator snapping turtle (Shoals:4)
  A spectral stone giant (Crypt:3)
  4 centaur warriors
  8 deep troll shamans
  6 tengu warriors
  A dancing weapon (Vaults:5)
  2 death yaks (Lair:2)
  8 death scarabs (Spider:4)
  3 vampire magi
  13 deep troll earth magi
  Urug (D:13)
  3 shock serpents (Pan)
  3 orc high priests (Orc:2)
  3 spriggan berserkers
  20 thrashing horrors
  29 sun demons
  3 hell hogs (Abyss:4)
  2 fire crabs (Abyss:5)
  5 deep elf knights
  28 large abominations
  11 soul eaters
  A spectral emperor scorpion (Spider:4)
  2 iron trolls
  5 sixfirhies
  18 skeletal warriors
  6 wretched stars
  A golden dragon zombie (Depths:2)
  A spatial maelstrom (Abyss:3)
  A quicksilver dragon simulacrum (Abyss:1)
  10 hell knights
  2 shadow wraiths (Crypt:3)
  33 deep trolls
  11 sea snakes
  6 gelid demonspawn (Pan)
  An infernal demonspawn (Pan)
  A swamp dragon (shapeshifter) (Vaults:5)
  A shadow demon (Pan)
  3 wolf spider zombies (Spider:4)
  2 swamp dragons (Abyss:5)
  3 torturous demonspawn (Pan)
  2 unseen horrors
  An obsidian statue (WizLab)
  9 flayed ghosts
  5 phantasmal warriors
  An anaconda zombie (Abyss:5)
  9 wizards
  19 harpies
  2 glowing orange brains
  A lindwurm (shapeshifter) (Vaults:1)
  A shadow dragon zombie (Depths:2)
  2 deep elf archers
  19 orc knights
  13 orb spiders
  3 spectral wolf spiders (Spider:4)
  The ghost of RKaid the Gouger, a novice FeSk of Makhleb (Lair:3)
  13 ironbrand convokers
  A mana viper (WizLab)
  9 orc sorcerers
  26 wolf spiders
  12 cyclopes
  25 ugly things
  7 necromancers
  A shadow dragon skeleton (Crypt:1)
  8 manticores
  14 deep elf magi
  A shining eye (Abyss:4)
  3 merfolk sirens
  A fire giant skeleton (Vaults:4)
  A stone giant skeleton (Vaults:3)
  8 elephants
  6 fauns
  4 moths of wrath
  2 worldbinders
  4 black mambas
  6 water nymphs
  Maurice (D:10)
  A titan simulacrum (Vaults:4)
  3 rust devils
  A frost giant skeleton (Depths:2)
  2 human skeletons
  4 apocalypse crabs
  17 vault sentinels
  2 torpor snails
  A naga mage (D:15)
  42 smoke demons
  A guardian serpent (Abyss:5)
  A grey draconian zombie (Crypt:1)
  A hellion (Pan)
  7 spiny frogs
  15 orange demons
  A rime drake (Lair:5)
  2 spectral redbacks (Spider:4)
  5 komodo dragons
  3 efreet
  An elf zombie (Depths:2)
  A kobold demonologist (Abyss:3)
  7 tormentors
  2 spriggan zombies (Depths:2)
  A yaktaur (shapeshifter) (Vaults:2)
  12 demonic crawlers
  11 freezing wraiths
  19 hellwings
  4 redback zombies
  46 yaktaurs
  7 ancient zymes
  An ice devil (Pan)
  7 tengu conjurers
  11 trolls
  A spriggan skeleton (Depths:2)
  4 red devils
  38 jumping spiders
  14 hornets
  A catoblepas skeleton (Crypt:1)
  26 merfolk
  2 meliai (shapeshifter)
  A meliai (Spider:2)
  A spectral tarantella (Spider:4)
  A death drake skeleton (Crypt:1)
  3 spectral jumping spiders (Spider:4)
  A troll (shapeshifter) (Vaults:2)
  Grinder (D:6)
  A wind drake (shapeshifter) (Depths:2)
  6 blink frogs
  A dream sheep (shapeshifter) (Abyss:1)
  An ettin zombie (Crypt:1)
  A sphinx simulacrum (Depths:2)
  5 tarantella zombies (Spider:4)
  7 hippogriffs
  3 wind drakes
  3 human simulacra
  8 dream sheep
  A jumping spider zombie (Spider:4)
  An ice dragon zombie (Crypt:2)
  9 raiju
  4 slime creatures (Vaults:1)
  A bog body (Crypt:1)
  A fire dragon zombie (Crypt:1)
  A snapping turtle (Shoals:4)
  16 ynoxinuls
  13 water elementals
  64 redbacks
  A satyr skeleton (Crypt:1)
  4 shadows
  37 flying skulls
  6 spriggans (Depths:1)
  24 tarantellas
  A vampire (D:13)
  6 air elementals
  3 wyverns
  10 wraiths
  25 starcursed masses
  14 yaks
  3 hogs (D:15)
  7 fire bats
  3 basilisks (D:15)
  A hungry ghost (D:10)
  5 chaos spawn
  16 humans (D:13)
  4 vampire mosquitoes (D:15)
  8 neqoxecs
  A fire elemental (WizLab)
  22 small abominations
  5 wargs
  8 spatial vortices
  2 tengu zombies
  2 insubstantial wisps
  2 acid dragons (Vaults:2)
  An infernal demonspawn zombie (Crypt:2)
  A floating eye (Depths:3)
  Duvessa (D:7)
  14 water moccasins
  8 porcupines
  A hell hound (WizLab)
  A merfolk skeleton (Crypt:2)
  2 spectral hornets (Spider:4)
  2 black bears
  An ice beast (shapeshifter) (Vaults:5)
  6 ice beasts
  3 phantoms
  4 sky beasts
  33 orc warriors
  6 necrophages
  22 ogres
  An eye of draining (Abyss:4)
  4 hornet zombies
  2 boggarts
  12 centaurs
  5 crocodiles
  8 bullfrogs
  A gnoll sergeant (D:10)
  A rime drake skeleton (Crypt:1)
  A draconian skeleton (Crypt:1)
  Dowan (D:7)
  A hornet simulacrum (D:15)
  2 scorpions
  5 killer bees (D:12)
  An elf simulacrum (Vaults:3)
  A shapeshifter zombie (Crypt:2)
  11 wights
  5 howler monkeys
  11 crimson imps
  A centaur zombie (D:12)
  7 hounds
  4 quasits
  23 orc priests
  2 jellies
  23 orc wizards
  2 centaur skeletons
  A bullfrog skeleton (D:12)
  2 iron imps
  3 iguanas
  2 worker ants
  A worker ant zombie (D:11)
  5 gnolls (D:10)
  A howler monkey skeleton (D:4)
  13 adders
  5 shadow imps
  3 white imps
  4 ufetubi
  2 oozes
  An adder zombie (D:6)
  2 worms
  2 dart slugs
  5 leopard geckos
  86 orcs
  3 giant cockroaches
  2 goblins (D:2)
  4 hobgoblins
  6 kobolds
  3 quokkas
  7 bats
  3 frilled lizards
  A frilled lizard zombie (Crypt:2)
  7 rats
  A spectral orc (Crypt:3)
  A bush (Shoals:3)
  4 crawling corpses (Vaults:2)
  A lurking horror (Abyss:1)
  6 spectral weapons
  3 starspawn tentacles (Abyss:4)
2051 creatures vanquished.

Vanquished Creatures (collateral kills)
  A golden dragon (Depths:2)
  A lich (Crypt:3)
  3 Tzitzimimeh (Pan)
  3 Brimstone Fiends (Pan)
  A Hell Sentinel (Pan)
  2 titans (Pan)
  An eldritch tentacle (Pan)
  An Executioner (Pan)
  3 warmongers (Pan)
  A fire giant (Depths:2)
  A ghost moth (Spider:2)
  4 balrugs (Pan)
  2 reapers (Pan)
  3 draconian annihilators (Pan)
  A very ugly thing (Depths:2)
  3 blood saints (Pan)
  A stone giant (Depths:2)
  2 black suns (Pan)
  2 lorocyprocas (Pan)
  3 green deaths (Pan)
  A jiangshi (Crypt:3)
  2 blizzard demons (Pan)
  An ice dragon (Depths:2)
  A yaktaur captain (Depths:2)
  2 monstrous demonspawn (Pan)
  2 rakshasas
  2 hell beasts (Pan)
  A tengu warrior (Depths:2)
  A two-headed ogre (Depths:2)
  A thrashing horror (Abyss:4)
  4 soul eaters (Pan)
  7 sun demons (Pan)
  A wretched star (Abyss:4)
  A skeletal warrior (Crypt:3)
  2 sixfirhies (Pan)
  A shadow demon (Pan)
  A wizard (Pan)
  A glowing orange brain (Abyss:4)
  3 gelid demonspawn (Pan)
  2 starcursed masses (Abyss:4)
  A torturous demonspawn (Pan)
  2 infernal demonspawn (Pan)
  A wolf spider (Spider:2)
  A worldbinder (Abyss:4)
  6 smoke demons
  An orange demon (Pan)
  6 hellions (Pan)
  A freezing wraith (Abyss:1)
  A demonic crawler (Pan)
  An ice devil (Pan)
  A tormentor (Pan)
  An efreet (Pan)
  7 red devils (Pan)
  8 hellwings (Pan)
  2 raiju (Abyss:4)
  A flying skull (Crypt:3)
  4 ynoxinuls (Pan)
  A redback (Spider:4)
  6 large abominations (Pan)
  A chaos spawn (Pan)
  2 spatial vortices (Pan)
  An ogre (Depths:2)
  A wight (D:15)
  A small abomination (Abyss:4)
134 creatures vanquished.

Vanquished Creatures (others)
  A titan (Pan)
  46 eldritch tentacles
  An Executioner (Pan)
  A black sun (Pan)
  A lorocyproca (Pan)
  A yaktaur captain (Vaults:5)
  A green death (Pan)
  A rakshasa (Pan)
  A hell hog (Abyss:4)
  A vampire mage (Depths:1)
  A sun demon (Pan)
  A shadow wraith (Vaults:5)
  A torturous demonspawn (Pan)
  2 wizards (Pan)
  A smoke demon (Pan)
  An apocalypse crab (Abyss:5)
  2 jumping spiders (Spider:1)
  A fire bat (Pan)
  A golden eye (Abyss:4)
  4 humans (D:15)
  An orc wizard (D:4)
  A white imp (Abyss:1)
  6 ball lightnings (Pan)
  A block of ice (Pan)
  A bush (Shoals:3)
  2 fungi (Lair:3)
  2 lurking horrors
  26 plants
  124 spectral weapons
  14 starspawn tentacles
  A withered plant (D:15)
249 creatures vanquished.

Grand Total: 2434 creatures vanquished

Notes
Turn   | Place    | Note
-------+----------+-------------------------------------------
     0 | D:1      | Lavandula the Ghoul Warper began the quest for the Orb.
     0 | D:1      | Reached XP level 1. HP: 17/17 MP: 2/2
    14 | D:1      | You fall through a shaft!
    73 | D:2      | Reached XP level 2. HP: 19/24 MP: 3/3
   194 | D:1      | Reached XP level 3. HP: 11/29 MP: 4/4
   222 | D:1      | Learned a level 2 spell: Blink
   225 | D:1      | Learned a level 2 spell: Shroud of Golubria
   444 | D:2      | Reached XP level 4. HP: 11/36 MP: 1/5
   544 | D:3      | Found a snail-covered altar of Cheibriados.
   555 | D:3      | Became a worshipper of Cheibriados the Contemplative
   601 | D:3      | Reached skill level 5 in Unarmed Combat
   644 | D:3      | Reached XP level 5. HP: 32/41 MP: 6/6
   810 | D:3      | Learned a level 3 spell: Teleport Other
   985 | D:4      | Reached * piety under Cheibriados
  1093 | D:4      | Reached skill level 1 in Polearms
  1093 | D:4      | Reached XP level 6. HP: 37/50 MP: 7/7
  1264 | D:4      | Noticed a phantom
  1271 | D:4      | Found a staircase to the Ecumenical Temple.
  1308 | D:4      | Killed a phantom
  1488 | D:4      | Reached XP level 7. HP: 55/56 MP: 5/8
  1523 | D:4      | Noticed a spatial vortex
  1552 | D:4      | Found an iron altar of Okawaru.
  1595 | D:5      | Entered Level 5 of the Dungeon
  1717 | D:5      | Reached ** piety under Cheibriados
  1717 | D:5      | Reached skill level 5 in Polearms
  1824 | D:5      | Found a blossoming altar of Fedhas.
  1834 | D:5      | Reached XP level 8. HP: 55/62 MP: 9/9
  1973 | D:6      | good
  2012 | D:6      | Learned a level 1 spell: Infusion
  2038 | D:6      | Found a radiant altar of Vehumet.
  2076 | D:6      | Reached skill level 1 in Charms
  2128 | D:6      | Found Ocivet's Assorted Antiques.
  2142 | D:6      | Bought a blue potion for 24 gold pieces
  2142 | D:6      | Bought a scroll labeled ZITAMY YTOKKA for 27 gold pieces
  2142 | D:6      | Bought a scroll labeled JANYS KEGATHRUTS for 27 gold pieces
  2142 | D:6      | Bought a black potion for 24 gold pieces
  2142 | D:6      | Bought a scroll labeled ISINTY ASEN for 27 gold pieces
  2142 | D:6      | Bought a scroll labeled XEGHUC OHELA for 27 gold pieces
  2142 | D:6      | Bought a scroll labeled PEOWNY XEISETT for 27 gold pieces
  2285 | D:6      | Noticed Grinder
  2299 | D:6      | Paralysed by Grinder for 5 turns
  2324 | D:6      | Killed Grinder
  2389 | D:6      | Found a hazy altar of Hepliaklqana.
  2390 | D:6      | Found a sacrificial altar of Ru.
  2569 | D:7      | Reached XP level 9. HP: 67/68 MP: 5/10
  2574 | D:7      | Learned a level 3 spell: Spectral Weapon
  2634 | D:7      | Noticed Dowan
  2634 | D:7      | Noticed Duvessa
  2640 | D:7      | Killed Duvessa
  2641 | D:7      | Killed Dowan
  2790 | D:7      | Reached *** piety under Cheibriados
  2948 | D:8      | Reached skill level 3 in Fighting
  2954 | D:8      | Found a hide-covered altar of Uskayaw.
  2961 | D:8      | Got an ebony great mace
  2962 | D:8      | Identified the cursed +1 great mace of the Forest {protect, *Rage +Blink rC+ Stlth+} (You found it on level 8 of the Dungeon)
  3067 | D:8      | Reached skill level 4 in Fighting
  3182 | D:8      | Reached skill level 5 in Fighting
  3207 | D:8      | Found a glowing golden altar of the Shining One.
  3278 | D:9      | Found an ancient bone altar of Kikubaaqudgha.
  3304 | D:10     | Entered Level 10 of the Dungeon
  3304 | D:10     | Found a transporter.
  3339 | D:10     | Noticed Maurice
  3345 | D:10     | Found a staircase to the Orcish Mines.
  3375 | D:9      | Noticed a green ugly thing
  3383 | D:9      | Killed a green ugly thing
  3398 | D:9      | Reached XP level 10. HP: 78/81 MP: 8/16
  3399 | D:9      | Reached skill level 5 in Spellcasting
  3415 | D:9      | Learned a level 4 spell: Passage of Golubria
  3419 | D:9      | Learned a level 3 spell: Regeneration
  3479 | D:9      | Found Buext's Gadget Shop.
  3481 | D:9      | Reached skill level 1 in Hexes
  3490 | D:9      | Found a basalt altar of Yredelemnul.
  3491 | D:9      | Bought a wand of paralysis (9/24) for 154 gold pieces
  3513 | D:9      | Noticed a five-headed hydra
  3581 | D:10     | Killed Maurice
  3615 | D:10     | Reached **** piety under Cheibriados
  3622 | D:10     | Found a transporter.
  3626 | D:10     | Noticed a black mamba
  3626 | D:10     | Noticed a spiny frog
  3741 | D:10     | Reached skill level 1 in Invocations
  3928 | D:10     | Killed an unseen horror
  3928 | D:10     | Reached skill level 5 in Invocations
  3946 | D:10     | Killed a spiny frog
  3952 | D:10     | Killed a black mamba
  4035 | D:10     | Found a staircase to the Lair.
  4104 | D:10     | Reached XP level 11. HP: 73/86 MP: 16/18
  4149 | D:10     | Reached ***** piety under Cheibriados
  4226 | D:11     | Learned a level 3 spell: Ozocubu's Armour
  4634 | D:10     | Found a roughly hewn altar of Beogh.
  4662 | Orc:1    | Entered Level 1 of the Orcish Mines
  4852 | Orc:1    | Found Ymiphi's Gadget Shoppe.
  4870 | Orc:1    | Bought a box of beasts for 260 gold pieces
  4906 | Orc:1    | Reached skill level 1 in Evocations
  4955 | Orc:1    | Noticed a two-headed ogre
  4960 | Orc:1    | Killed a two-headed ogre
  5079 | Orc:2    | Entered Level 2 of the Orcish Mines
  5079 | Orc:2    | Found Uqur's Assorted Antiques.
  5089 | Orc:2    | Noticed an orc sorcerer
  5167 | Orc:2    | Found Jaanuixa's Weapon Shop.
  5189 | Orc:2    | Killed an orc sorcerer
  5264 | Orc:2    | Bought a scroll labeled EWOIGI WOKU for 28 gold pieces
  5264 | Orc:2    | Bought a scroll labeled FIPYM HEOGETUF for 28 gold pieces
  5264 | Orc:2    | Bought a metallic orange potion for 25 gold pieces
  5264 | Orc:2    | Bought a scroll of teleportation for 84 gold pieces
  5300 | Orc:2    | Noticed an orc sorcerer
  5304 | Orc:2    | Killed an orc sorcerer
  5304 | Orc:2    | Reached skill level 5 in Evocations
  5328 | Orc:2    | Found Plog's Book Boutique.
  5336 | Orc:2    | Bought a book of Minor Magic for 240 gold pieces
  5346 | Orc:2    | Found a staircase to the Elven Halls.
  5400 | Orc:2    | Noticed an orc knight
  5489 | Orc:2    | Learned a level 3 spell: Mephitic Cloud
  5535 | Orc:2    | Killed an orc knight
  5611 | Orc:2    | Noticed an orc knight
  5615 | Orc:2    | Reached skill level 1 in Air Magic
  5627 | Orc:2    | Killed an orc knight
  5628 | Orc:2    | Reached XP level 12. HP: 87/94 MP: 11/22
  5647 | Orc:2    | Noticed an orc high priest
  5654 | Orc:2    | Killed an orc high priest
  5664 | Orc:2    | Noticed an orc high priest
  5669 | Orc:2    | Killed an orc high priest
  5684 | Orc:2    | Reached ****** piety under Cheibriados
  5702 | Orc:2    | Reached skill level 5 in Conjurations
  5705 | Orc:2    | Noticed an orc high priest
  5738 | Orc:2    | Killed an orc high priest
  5751 | Orc:2    | Found Peonibef's Assorted Antiques.
  5751 | Orc:2    | Found Bushrib's Magic Scroll Shoppe.
  5753 | Orc:2    | Found Nyptaxul's General Store.
  5753 | Orc:2    | Found Jihairch's Distillery.
  5762 | Orc:2    | Bought a potion of brilliance for 44 gold pieces
  5762 | Orc:2    | Bought a potion of heal wounds for 55 gold pieces
  5764 | Orc:2    | Bought a scroll of random uselessness for 15 gold pieces
  5764 | Orc:2    | Bought a scroll of vulnerability for 112 gold pieces
  5794 | Orc:2    | Bought a scroll labeled XAOT ENULUGOCE for 39 gold pieces
  5794 | Orc:2    | Bought an orange potion for 35 gold pieces
  5902 | Orc:2    | Bought a metallic orange potion for 35 gold pieces
  5978 | Lair:1   | Entered Level 1 of the Lair of Beasts
  5990 | Lair:1   | You fall through a shaft!
  6013 | Lair:3   | Found a hole to the Spider Nest.
  6023 | Lair:3   | Reached skill level 10 in Polearms
  6051 | Lair:3   | Noticed RKaid's ghost (novice FeSk)
  6060 | Lair:3   | Killed RKaid's ghost
  6326 | Lair:4   | Noticed Josephine
  6335 | Lair:4   | Killed Josephine
  6462 | Lair:3   | Reached XP level 13. HP: 88/100 MP: 9/23
  6493 | Lair:4   | Noticed Rupert
  7852 | Lair:2   | Reached skill level 5 in Translocations
  7970 | Lair:2   | Learned a level 3 spell: Conjure Flame
  8027 | Lair:2   | Noticed Gastronok
  8042 | Lair:2   | Killed Gastronok
  8480 | Lair:4   | Reached skill level 1 in Necromancy
  8511 | Lair:4   | Killed Rupert
  8528 | Lair:4   | Found a staircase to the Shoals.
  8578 | Shoals:1 | Entered Level 1 of the Shoals
  8637 | Shoals:1 | Found Cuajosost's Antique Weapon Emporium.
  8678 | Shoals:1 | Found Xycoarat's Antique Armour Emporium.
  8724 | Shoals:1 | Got a glittering copper amulet
  8725 | Shoals:1 | Identified the amulet "Ycrur" {Faith +Blink rElec rF- Stlth+} (You acquired it on level 1 of the Shoals)
  8733 | Shoals:1 | Bought a pair of glowing boots for 187 gold pieces
  8887 | Shoals:1 | Noticed a merfolk impaler
  8914 | Shoals:1 | Found Witsy's Distillery.
  8925 | Shoals:1 | Killed a merfolk impaler
  8925 | Shoals:1 | Reached XP level 14. HP: 37/107 MP: 2/25
  8937 | Shoals:1 | Learned a level 3 spell: Lesser Beckoning
  8970 | Shoals:1 | Bought 2 potions of agility for 112 gold pieces
  8970 | Shoals:1 | Bought a potion of cancellation for 112 gold pieces
  9052 | Shoals:1 | Reached skill level 6 in Fighting
  9125 | Shoals:2 | Reached skill level 7 in Fighting
  9262 | Shoals:4 | Entered Level 4 of the Shoals
  9398 | Shoals:3 | Found Dhasiaj's Desiderata Depot.
  9403 | Shoals:3 | Reached skill level 5 in Dodging
  9693 | Shoals:3 | Reached skill level 1 in Armour
 10186 | Shoals:4 | Reached skill level 5 in Armour
 10208 | Shoals:4 | Got an ancient silver ring
 10210 | Shoals:4 | Identified the ring of the Okapi {rElec rF+ AC+3 Dex+3} (You found it on level 4 of the Shoals)
 10436 | Shoals:4 | Reached XP level 15. HP: 87/121 MP: 12/26
 10660 | Shoals:4 | Got a brightly glowing ivory amulet
 10661 | Shoals:4 | Identified the amulet "Woigid" {+Rage Int+2} (You took it off a merfolk on level 4 of the Shoals)
 10735 | Shoals:4 | Got a barnacled rune of Zot
 10933 | Shoals:3 | Got a steaming animal skin
 10944 | Shoals:3 | Identified the cursed +0 animal skin of Action {+Fly rC- MR+ Str+3} (You found it on level 3 of the Shoals)
 11085 | Spider:1 | Entered Level 1 of the Spider Nest
 11124 | Spider:1 | Reached skill level 1 in Throwing
 11351 | Spider:1 | Reached skill level 5 in Throwing
 11506 | Spider:2 | Killed a ghost moth
 11659 | Spider:2 | Got a brightly glowing scarf
 11675 | Spider:2 | Reached XP level 16. HP: 112/127 MP: 22/27
 11714 | Spider:2 | Noticed Aizul
 11729 | Spider:2 | Killed Aizul
 11766 | Spider:2 | Identified the scarf "Bozotael" {rPois MR+ Str+2} (You acquired it on level 2 of the Spider Nest)
 12123 | Spider:1 | Reached skill level 15 in Polearms
 12192 | Spider:4 | Entered Level 4 of the Spider Nest
 12303 | Spider:4 | Reached skill level 8 in Fighting
 12417 | Spider:4 | Reached skill level 9 in Fighting
 12615 | Spider:4 | Reached skill level 10 in Fighting
 12863 | Spider:4 | Reached skill level 11 in Fighting
 13072 | Spider:4 | Reached XP level 17. HP: 112/143 MP: 16/28
 13423 | Spider:4 | Got a gossamer rune of Zot
 13545 | Spider:2 | Reached skill level 1 in Stealth
 13821 | D:13     | Noticed Urug
 13827 | D:13     | Killed Urug
 13945 | D:13     | Found Zathe's Antique Armour Shoppe.
 13955 | D:13     | Bought a pair of ancient boots for 180 gold pieces
 13967 | D:13     | Identified the cursed +0 pair of boots "Usuos" {rF+ Str-3 Dex+7} (You bought it in a shop on level 13 of the Dungeon)
 13981 | D:13     | Noticed Frances
 13987 | D:13     | Killed Frances
 13987 | D:13     | Reached skill level 5 in Stealth
 14094 | D:13     | Noticed Nessos
 14120 | D:13     | Killed Nessos
 14151 | D:13     | Found a gate to the Vaults.
 14198 | Vaults:1 | Entered Level 1 of the Vaults
 14260 | Vaults:1 | Reached skill level 12 in Fighting
 14352 | Vaults:1 | Reached skill level 13 in Fighting
 14454 | Vaults:1 | Reached XP level 18. HP: 158/158 MP: 24/29
 14489 | Vaults:1 | Found Voji's Food Boutique.
 14617 | Vaults:1 | Found Caschot's Assorted Antiques.
 14679 | Vaults:1 | Bought a glowing hat for 231 gold pieces
 14711 | Vaults:1 | Bought 2 orange potions for 59 gold pieces
 14918 | Vaults:1 | Reached skill level 10 in Dodging
 15002 | Vaults:1 | Identified the Collected Works on Sinister Arts (You acquired it on level 1 of the Vaults)
 15472 | Vaults:3 | Reached skill level 14 in Fighting
 15605 | Vaults:3 | Reached XP level 19. HP: 164/167 MP: 27/30
 15742 | Vaults:2 | Reached skill level 15 in Fighting
 16097 | Vaults:2 | Reached skill level 16 in Fighting
 16522 | Vaults:3 | Reached skill level 17 in Fighting
 16562 | Vaults:3 | Found Uvael's Food Shoppe.
 17195 | Vaults:2 | Found a staircase to the Crypt.
 17462 | Orc:2    | Bought a book of Necromancy for 360 gold pieces
 17467 | Orc:2    | Learned a level 4 spell: Control Undead
 17469 | Orc:2    | Learned a level 1 spell: Animate Skeleton
 17691 | Crypt:1  | Entered Level 1 of the Crypt
 17858 | Crypt:1  | Noticed Sojobo
 17871 | Crypt:1  | Killed Sojobo
 17871 | Crypt:1  | Reached skill level 5 in Necromancy
 18118 | Crypt:3  | Entered Level 3 of the Crypt
 18188 | Crypt:3  | Reached XP level 20. HP: 146/186 MP: 22/31
 18307 | Crypt:3  | Found a basalt altar of Yredelemnul.
 18561 | Crypt:3  | Found the +8 demon blade "Leech" {vamp, rN+ AC-3 EV-3}
 18659 | Crypt:3  | Reached skill level 10 in Necromancy
 18794 | Crypt:3  | Noticed a bone dragon
 18807 | Crypt:3  | Killed a bone dragon
 18868 | Crypt:3  | Noticed a profane servitor
 18877 | Crypt:3  | Killed a profane servitor
 18896 | Crypt:3  | Noticed a lich
 18903 | Crypt:3  | Killed a lich
 19132 | Crypt:3  | Found a staircase to the Tomb.
 19197 | Tomb:1   | Entered Level 1 of the Tomb of the Ancients
 19361 | Vaults:4 | Reached skill level 18 in Fighting
 19389 | Vaults:4 | Found Dicaic's Assorted Antiques.
 19417 | Vaults:4 | Bought a golden ring for 185 gold pieces
 20036 | Vaults:4 | Reached XP level 21. HP: 194/194 MP: 32/32
 20172 | Vaults:5 | Entered Level 5 of the Vaults
 20463 | Vaults:5 | Reached skill level 10 in Conjurations
 20470 | Vaults:5 | Found Xeaj's Gadget Shop.
 20825 | Vaults:5 | Reached skill level 10 in Spellcasting
 20884 | Vaults:5 | Found Dox Soet's Distillery.
 20890 | Vaults:5 | Bought a potion of might for 48 gold pieces
 20890 | Vaults:5 | Bought a potion of curing for 36 gold pieces
 20890 | Vaults:5 | Bought a potion of brilliance for 48 gold pieces
 20914 | Vaults:5 | Found Itunerch's Magic Scroll Boutique.
 20919 | Vaults:5 | Bought a scroll of torment for 112 gold pieces
 20919 | Vaults:5 | Bought a scroll of teleportation for 45 gold pieces
 20919 | Vaults:5 | Bought a scroll of teleportation for 45 gold pieces
 20919 | Vaults:5 | Bought a scroll of enchant armour for 112 gold pieces
 20924 | Vaults:5 | Bought a scroll of identify for 30 gold pieces
 20924 | Vaults:5 | Bought a scroll of identify for 30 gold pieces
 20937 | Vaults:5 | Found Uzaucir's Distillery.
 20942 | Vaults:5 | Bought a potion of ambrosia for 80 gold pieces
 20942 | Vaults:5 | Bought a potion of curing for 30 gold pieces
 20942 | Vaults:5 | Bought a potion of curing for 30 gold pieces
 20942 | Vaults:5 | Bought a potion of curing for 30 gold pieces
 20942 | Vaults:5 | Bought a potion of brilliance for 40 gold pieces
 20942 | Vaults:5 | Bought a potion of brilliance for 40 gold pieces
 21011 | Vaults:5 | Reached XP level 22. HP: 139/202 MP: 18/35
 21120 | Vaults:5 | Noticed a golden dragon
 21134 | Vaults:5 | Killed a golden dragon
 21188 | Vaults:5 | Got a silver rune of Zot
 21501 | Vaults:1 | Bought a scroll of enchant armour for 247 gold pieces
 21501 | Vaults:1 | Bought a potion of agility for 132 gold pieces
 21510 | Vaults:1 | Learned a level 7 spell: Spellforged Servitor
 21704 | Vaults:1 | Bought 2 scrolls of summoning for 627 gold pieces
 21793 | D:15     | Entered Level 15 of the Dungeon
 21818 | D:15     | Reached skill level 1 in Summonings
 21914 | D:15     | Noticed Kirke
 21927 | D:15     | Killed Kirke
 21947 | D:15     | Learned a level 6 spell: Iron Shot
 22045 | D:15     | Reached skill level 5 in Summonings
 22096 | D:15     | Found a staircase to the Depths.
 22102 | Depths:1 | Entered Level 1 of the Depths
 22228 | Depths:1 | Noticed the Enchantress
 22302 | Depths:1 | Killed the Enchantress
 22321 | Depths:1 | Got faerie dragon scales
 22336 | Depths:1 | Identified the +0 faerie dragon scales {rPois rF++ rCorr} (You took it off the Enchantress on level 1 of the Depths)
 22392 | Depths:1 | Found a magical portal.
 22421 | WizLab   | Entered The Roulette of Golubria
 22421 | WizLab   | Found a transporter.
 22425 | WizLab   | Found a corrupted altar of Lugonu.
 22447 | WizLab   | Found a transporter.
 22454 | WizLab   | Found a transporter.
 22454 | WizLab   | Found a transporter.
 22479 | WizLab   | Found the +2 cloak of the Thief {+Fog Slay-2 SInv Stlth+}
 22481 | WizLab   | Found a transporter.
 22485 | WizLab   | Found a transporter.
 22544 | WizLab   | Identified Golubria's Guide on the Traveller
 22547 | WizLab   | Learned a level 1 spell: Apportation
 22555 | WizLab   | Got a jewelled cloak
 22561 | WizLab   | Identified the +3 cloak of Happiness {Dex+6} (You found it in a wizard's laboratory)
 22586 | WizLab   | Found a transporter.
 22586 | WizLab   | Found a transporter.
 22622 | WizLab   | Found a transporter.
 22622 | WizLab   | Found a transporter.
 22643 | WizLab   | Found a transporter.
 22643 | WizLab   | Found a transporter.
 22658 | WizLab   | Identified the Handbook of Dislocation
 22673 | WizLab   | Found a transporter.
 22673 | WizLab   | Found a transporter.
 22707 | WizLab   | Found a transporter.
 22707 | WizLab   | Found a transporter.
 22733 | WizLab   | Found a transporter.
 22733 | WizLab   | Found a transporter.
 22760 | WizLab   | Found a transporter.
 22760 | WizLab   | Found a transporter.
 22854 | Depths:1 | Noticed Saint Roka
 22865 | Depths:1 | Killed Saint Roka
 22907 | Depths:1 | Found a gateway to Hell.
 23001 | Depths:2 | Reached skill level 10 in Summonings
 23017 | Depths:1 | Reached XP level 23. HP: 183/209 MP: 32/37
 23182 | Depths:2 | Found a one-way gate leading to the halls of Pandemonium.
 24085 | Depths:2 | Noticed a golden dragon
 24097 | Depths:2 | Killed a golden dragon
 24298 | Depths:2 | Noticed a golden dragon
 24307 | Depths:2 | Killed a golden dragon
 24439 | Depths:2 | Noticed a caustic shrike
 24446 | Depths:2 | Killed a caustic shrike
 24564 | Depths:2 | Reached XP level 24. HP: 216/216 MP: 38/38
 24728 | Depths:2 | Learned a level 1 spell: Summon Butterflies
 24738 | Depths:2 | Learned a level 7 spell: Malign Gateway
 24810 | Depths:3 | Reached skill level 1 in Earth Magic
 24930 | Pan      | Entered Pandemonium
 25155 | Pan      | Noticed Anann the pandemonium lord
 25676 | Pan      | Found an exit through the horrors of the Abyss.
 25682 | Pan      | Took an exit into the Abyss.
 25682 | Abyss:1  | Escaped into the Abyss
 25690 | Abyss:1  | Found a corrupted altar of Lugonu.
 26033 | Abyss:1  | Found a viscous altar of Jiyva.
 26059 | Abyss:1  | Reached skill level 15 in Summonings
 26117 | Depths:3 | Escaped the Abyss
 26229 | Pan      | Entered Pandemonium
 26624 | Pan      | Got a twitching lapis lazuli ring
 26625 | Pan      | Identified the ring of Tubuxif {rPois Str+6 Dex+2 Slay-4 SInv} (You found it in Pandemonium)
 26826 | Pan      | Found an exit through the horrors of the Abyss.
 27012 | Pan      | Noticed Dessy the pandemonium lord
 27421 | Pan      | Reached XP level 25. HP: 165/224 MP: 30/38
 27549 | Pan      | Got a dazzling scale mail
 27561 | Pan      | Found an exit through the horrors of the Abyss.
 27682 | Pan      | Reached skill level 10 in Translocations
 28287 | Pan      | Found an exit through the horrors of the Abyss.
 28296 | Pan      | Took an exit into the Abyss.
 28296 | Abyss:1  | Escaped into the Abyss
 28773 | Abyss:1  | Noticed an ancient lich
 28828 | Abyss:3  | Found a corrupted altar of Lugonu.
 29097 | Abyss:3  | Found a shadowy altar of Dithmenos.
 29142 | Abyss:3  | Identified the +9 scale mail of Cayh {rC- rN+++ Regen+ Str+4} (You took it off a monstrous demonspawn in Pandemonium)
 29424 | Abyss:4  | Learned a level 4 spell: Summon Lightning Spire
 29769 | Abyss:5  | Entered Level 5 of the Abyss
 29814 | Abyss:5  | Reached XP level 26. HP: 120/231 MP: 39/39
 29852 | Abyss:5  | Got an abyssal rune of Zot
 29866 | Depths:3 | Escaped the Abyss
 29917 | Pan      | Entered the realm of Lom Lobon.
 29917 | Pan      | Entered Pandemonium
 30058 | Pan      | Found an exit through the horrors of the Abyss.
 30175 | Pan      | Noticed Mennas
 30843 | Pan      | Killed Mennas
 31055 | Pan      | Reached skill level 15 in Spellcasting
 31112 | Pan      | Noticed Lom Lobon
 31333 | Pan      | Got a magical rune of Zot
 31496 | Pan      | Entered the realm of Cerebov.
 31797 | Pan      | Learned a level 8 spell: Summon Horrible Things
 32070 | Pan      | Noticed Cerebov
 32319 | Pan      | Identified the ring of Zuibo {Int+3 Stlth-} (You found it in Pandemonium)
 32427 | Pan      | Identified the +6 demon trident of the Demagogue {flame, rPois rF+} (You found it in Pandemonium)
 32470 | Pan      | Identified the ring of the Battered Demons {rElec rPois MP+9 Str-5 Dex+5} (You found it in Pandemonium)
 32528 | Pan      | Got a fiery rune of Zot
 32552 | Pan      | Noticed Lom Lobon
 32557 | Pan      | Found an exit through the horrors of the Abyss.
 33157 | Pan      | Noticed Peheigol the pandemonium lord
 33176 | Pan      | HP: 4/231 [Peheigol the pandemonium lord/damnation (29)]
 33176 | Pan      | Killed from afar by a hellion

Vault maps used:
D:1:      enne_arrival_octagon_isle
D:2:      first_bread
D:3:      lemuel_doored_altar
D:4:      kennysheep_little_box, temple_fountains
D:5:      fedhas_bush_and_centaur_altar
D:6:      vehumet_altar_wand_db, gammafunk_temple_overflow_statue,
          gammafunk_temple_overflow_elements, serial_shops, shop_statue,
          uniq_grinder
D:7:      uniq_duvessa
D:8:      old_standard_altar, eat_drink_and_be_merry_uskayaw
D:9:      overflow_temple_1_default, lemuel_round_altar, serial_shops, shop
D:10:     gammafunk_cloud_chamber, lair_entry_dummy,
          minmay_orc_entry_temple_small, uniq_maurice
D:12:     serial_shops, nicolae_shop_stone, uniq_fannar
D:13:     david_vaults_3, serial_shops,
          nicolae_shop_temple_entry_statues_fountains,
          hangedman_pestilent_swarm, uniq_frances, uniq_urug
D:14:     basic_altar, serial_co_window_serial, co_window_corner_a,
          co_window_corner_a, co_window_corner_a, co_window_paths_a,
          co_window_paths_a, co_window_corner_a, co_window_of_opportunity_a,
          co_window_paths_b, co_window_paths_a, co_window_cross_4,
          co_window_of_opportunity_c, co_window_of_opportunity_c,
          co_window_corner_ca, co_window_unsneaky_path_c, glass_columns_b,
          glass_columns_a, glass_columns_c, glass_columns_a, glass_columns_a,
          minmay_misc_feat_pillars
D:15:     grunt_enter_depths_magical_seal, minmay_misc_feat_tower,
          argonaut_gorgonesque, uniq_kirke
Lair:1:   serial_bayou_shore_a, serial_bayou_shore_b, lemuel_fruit_fields
Lair:2:   st_stairs_11, serial_bayou_shore_b, minmay_lair_oklob_chamber,
          lemuel_fruit_fields, uniq_gastronok
Lair:3:   spider_nest_entry_rubble, lemuel_fruit_tree
Lair:4:   minmay_shoals_entry_centaurs, infiniplex_staircase_pool,
          serial_bayou_shore_b, serial_bayou_shore_b, lemuel_fruit_fields,
          uniq_josephine, uniq_rupert
Lair:5:   infiniplex_staircase_pool_2, grunt_megastairs_1
Shoals:1: serial_shops, shop, nicolae_shop_crystal, shop_statue, ldierk_geyser
Shoals:2: uniq_polyphemus
Shoals:3: argonaut_golden_fleece, nicolae_alphabet_shops, kb_tengu_band
Shoals:4: shoals_end_simple, shoals_ilsuiw_alternative
Spider:2: uniq_aizul
Spider:3: nicolae_looking_at_the_future
Spider:4: floodkiller_spider_rune_tomb
Orc:1:    serial_shops, shop, nicolae_orc_tapped_out
Orc:2:    grunt_orc_tribal_feast, serial_shops, nicolae_shop_overgrown_old_shop,
          shop, shop
Vaults:1: st_star, nicolae_vaults_inception_corners, v_misc_28, v_misc_10,
          v_alt_pattern_1, v_rooms_1, grunt_vaults_funnel, v_misc_17,
          hangedman_vaults_corner_blocks, nicolae_vaults_network_star,
          ontoclasm_vaults_gateway, grunt_vaults_hallway_short, serial_shops,
          nicolae_shop_overgrown_old_shop, shop, basic_altar
Vaults:2: nicolae_vaults_stairing_the_circle, vaults_dpeg_cross,
          ontoclasm_vaults_idyll, blue_anna_dwarven_crypt, v_pattern_3,
          v_misc_12, vaults_standard_mumra_x, vaults_dpeg_ring
Vaults:3: nicolae_vaults_sealed_display, nicolae_vaults_specimen_jars,
          hangedman_vaults_maws, vaults_room_stairs_pillars,
          ontoclasm_vaults_fault, v_misc_18, v_alt_pattern_1,
          ontoclasm_vaults_idyll, vaults_room_door_ring, v_misc_15,
          nicolae_vaults_little_squares_4, serial_shops, shop
Vaults:4: ontoclasm_vaults_ring_large, grunt_vaults_swirl, v_misc_16,
          ontoclasm_vaults_decontamination, v_alt_pattern_6,
          grunt_vaults_twisty, serial_ice_b, hangedman_vaults_variations,
          vaults_dpeg_encased_lava, grunt_vaults_focal,
          ontoclasm_vaults_claustrophobia, v_misc_28, v_misc_5,
          nicolae_vaults_circle_grid_a, serial_shops, shop_statue
Crypt:1:  uniq_sojobo
Crypt:2:  minmay_guarded_unrand_skullcrusher
Crypt:3:  grunt_crypt_end_deaths_head
Depths:1: infiniplex_enter_wizlab_water, grunt_mini_vestibule, evilmike_ambush,
          uniq_saint_roka, uniq_enchantress
Depths:2: hangedman_box_tower, grunt_pan_entry_zigzag, abyss_entry_crystal,
          hell_entry, minmay_misc_feat_ornament
Depths:3: cheibrodos_cascadia, enter_ziggurat_a, hell_entry,
          rand_demon_pan_entry_4, abyss_entry_small_statue_room
Abyss:1:  hangedman_abyss_mock_shop
Abyss:2:  evilmike_abyss_exit_15, evilmike_abyss_exit_kraken
Abyss:3:  evilmike_abyss_exit_plants
Abyss:4:  evilmike_abyss_exit_1, nicolae_abyss_rune_star_stuff
Abyss:5:  grunt_abyss_exit_deep_breaths, minivault_19,
          nicolae_abyss_rune_left_handed, minivault_28
Pan:      grunt_pan_pentagram, nicolae_pan_mnolegish_4,
          evilmike_mini_pan_corridor, nicolae_pan_sigil_nadil,
          evilmike_mini_pan_corridor, nicolae_pan_cerebovesque_3,
          lemuel_hall_of_pain, rand_demon_4, grunt_pan_spiral,
          evilmike_mini_pan_layers, nicolae_pan_mnolegish_1,
          nicolae_pan_door_chamber, evilmike_mini_pan_layers, rand_demon_4,
          nicolae_pan_door_chamber, pan_blood_fountain_small, rand_demon_4,
          uniq_mennas_pan, nicolae_pan_lom_lobonic_3, evilmike_mini_pan_layers,
          pan_blood_fountain_small, pan_blood_fountain, reaverb_pan_chaos_star,
          lom_lobon_spiral_st, uniq_mennas_pan, nicolae_pan_mnolegish_2,
          evilmike_mini_pan_diamond, evilmike_cerebov_lava, pan_blood_fountain,
          lemuel_hellion_island, uniq_lom_lobon
WizLab:   wizlab_golubria

Skill      XL: |  1  2  3  4  5  6  7  8  9 10 11 12 13 14 15 16 17 18 19 20 21 22 23 24 25 26 |
---------------+-------------------------------------------------------------------------------+-----
Unarmed Combat | 3 4 5 6 |  6.0
Polearms       | 1 3 6 8 9 11 13 15 16 17 | 17.1
Charms         | 2 4 |  4.3
Fighting       | 5 7 11 13 14 17 18 | 18.0
Spellcasting   | 4 5 7 8 10 11 12 13 16 | 16.0
Hexes          | 2 |  2.1
Invocations    | 5 |  5.3
Dodging        | 4 7 12 13 | 13.3
Translocations | 4 7 8 10 | 10.5
Evocations     | 5 |  5.3
Air Magic      | 2 |  2.3
Conjurations   | 5 10 11 | 11.1
Necromancy     | 4 7 11 | 11.6
Armour         | 5 9 |  9.1
Throwing       | 5 |  5.1
Stealth        | 7 |  7.2
Summonings     | 10 13 16 17 | 17.9
Earth Magic    | 3 |  3.1

Action                   |  1- 3 |  4- 6 |  7- 9 | 10-12 | 13-15 | 16-18 | 19-21 | 22-24 | 25-27 || total
-------------------------+-------+-------+-------+-------+-------+-------+-------+-------+-------++-------
Melee: Unarmed           |    97 |   209 |    60 |       |       |       |       |       |     1 ||   367
       Punch             |     1 |     4 |     3 |       |     1 |       |       |       |       ||     9
       Trident           |       |       |   171 |       |    16 |       |       |       |       ||   187
       Halberd           |       |       |    38 |   376 |   657 |   910 |  1082 |  1462 |  1124 ||  5649
       Glaive            |       |       |       |       |       |       |       |     3 |       ||     3
Throw: Tomahawk          |       |       |     3 |     1 |       |       |       |       |       ||     4
       Javelin           |       |       |       |       |    16 |    11 |     8 |     6 |       ||    41
       Throwing net      |       |       |       |       |     1 |       |       |       |       ||     1
 Cast: Shroud of Golubri |     1 |    10 |    15 |    28 |    46 |    23 |    34 |    40 |    16 ||   213
       Blink             |     1 |       |     7 |    13 |    30 |    15 |     9 |    39 |    25 ||   139
       Infusion          |       |       |     4 |    12 |    15 |     1 |     1 |       |       ||    33
       Spectral Weapon   |       |       |     4 |    42 |    75 |    86 |    88 |   107 |    30 ||   432
       Passage of Golubr |       |       |       |     3 |    17 |    17 |    13 |    39 |    51 ||   140
       Ozocubu's Armour  |       |       |       |     2 |       |       |       |       |       ||     2
       Regeneration      |       |       |       |       |    29 |     7 |    29 |    39 |    55 ||   159
       Mephitic Cloud    |       |       |       |       |    16 |     2 |       |       |       ||    18
       Lesser Beckoning  |       |       |       |       |     5 |     2 |    10 |     4 |     1 ||    22
       Conjure Flame     |       |       |       |       |       |     1 |     2 |       |       ||     3
       Control Undead    |       |       |       |       |       |       |    24 |     7 |     1 ||    32
       Animate Skeleton  |       |       |       |       |       |       |       |    20 |     3 ||    23
       Apportation       |       |       |       |       |       |       |       |    18 |    49 ||    67
       Spellforged Servi |       |       |       |       |       |       |       |    17 |    25 ||    42
       Malign Gateway    |       |       |       |       |       |       |       |     3 |    45 ||    48
       Summon Horrible T |       |       |       |       |       |       |       |       |     2 ||     2
Invok: Temporal Distorti |       |       |       |       |     6 |     3 |       |       |       ||     9
       Slouch            |       |       |       |       |     4 |    12 |     4 |     9 |     5 ||    34
       Step From Time    |       |       |       |       |       |       |       |       |     1 ||     1
Evoke: Wand              |       |       |       |     3 |    10 |     2 |       |     5 |     3 ||    23
       Box of beasts     |       |       |       |       |     3 |     3 |       |     1 |     1 ||     8
       Lightning rod     |       |       |       |       |     1 |     4 |       |       |       ||     5
       Lamp of fire      |       |       |       |       |       |       |       |     1 |       ||     1
       Staff of energy   |       |       |       |       |       |       |       |     3 |       ||     3
  Use: Scroll            |     1 |     1 |    16 |     2 |    22 |    11 |    12 |    24 |    17 ||   106
       Potion            |       |     2 |     1 |       |     4 |     4 |     1 |     6 |    17 ||    35
 Stab: Sleeping          |       |       |     1 |     2 |       |     3 |    13 |    10 |     2 ||    31
       Paralysed         |       |       |       |     2 |     3 |       |       |       |       ||     5
       Distracted        |       |       |       |     3 |    12 |    14 |    31 |    46 |    34 ||   140
       Confused          |       |       |       |       |     7 |     3 |       |       |       ||    10
       Held in net/web   |       |       |       |       |     1 |       |       |       |       ||     1
       Invisible         |       |       |       |       |       |     4 |       |       |       ||     4
       Betrayed ally     |       |       |       |       |       |       |     8 |     1 |       ||     9
       Petrifying        |       |       |       |       |       |       |       |       |     3 ||     3
       Petrified         |       |       |       |       |       |       |       |       |     3 ||     3
  Eat: Chunk             |    11 |    19 |    36 |    54 |   153 |   142 |    95 |   111 |    62 ||   683
       Meat ration       |       |       |       |       |       |       |       |       |     4 ||     4
Armor: Leather armour    |    18 |    45 |    71 |     7 |       |       |       |       |       ||   141
       Skin              |       |       |     1 |       |       |       |       |       |       ||     1
       Troll leather arm |       |       |       |    41 |       |       |       |       |       ||    41
       Scale mail        |       |       |       |    33 |   256 |   360 |   132 |   330 |   334 ||  1445
Dodge: Dodged            |    61 |    81 |   121 |   178 |   420 |   754 |   534 |  1164 |  1089 ||  4402
Block: Other             |       |       |       |       |       |       |    55 |   191 |   158 ||   404
       Reflection        |       |       |       |       |       |       |     8 |     5 |     8 ||    21

Table legend:
 A = Spawn XP
 B = Non-spawn XP
 C = Spawn XP percentage of total XP
 D = Spawn monster count
 E = Non-spawn monster count
 F = Spawn count percentage of total count
 G = Total turns spent on level
                    A         B        C        D         E        F      G
               +---------+---------+-------+---------+---------+-------+---------
         Total |  113224 | 1114203 |   9.2 |     196 |    1970 |   9.0 | 33176
               +---------+---------+-------+---------+---------+-------+---------
           D:1 |       0 |      45 |   0.0 |       0 |      13 |   0.0 |   176
           D:2 |       0 |      50 |   0.0 |       0 |      11 |   0.0 |   311
           D:3 |       0 |     134 |   0.0 |       0 |      21 |   0.0 |   451
           D:4 |       0 |     452 |   0.0 |       0 |      24 |   0.0 |   657
           D:5 |       0 |     599 |   0.0 |       0 |      15 |   0.0 |   323
           D:6 |       0 |     881 |   0.0 |       0 |      10 |   0.0 |   537
           D:7 |       0 |     844 |   0.0 |       0 |      16 |   0.0 |   446
           D:8 |       0 |     519 |   0.0 |       0 |      12 |   0.0 |   330
           D:9 |       0 |    1313 |   0.0 |       0 |      10 |   0.0 |   302
          D:10 |       0 |    4980 |   0.0 |       0 |      39 |   0.0 |   864
          D:11 |       0 |    1948 |   0.0 |       0 |      22 |   0.0 |   380
          D:12 |       0 |    1963 |   0.0 |       0 |      17 |   0.0 |   234
          D:13 |       0 |   14751 |   0.0 |       0 |      48 |   0.0 |   575
          D:14 |       0 |      50 |   0.0 |       0 |       1 |   0.0 |    42
          D:15 |       0 |   30192 |   0.0 |       0 |      55 |   0.0 |   412
        Lair:2 |       0 |    7485 |   0.0 |       0 |      16 |   0.0 |   619
        Lair:3 |       0 |    7759 |   0.0 |       0 |      27 |   0.0 |   819
        Lair:4 |       0 |    9738 |   0.0 |       0 |      24 |   0.0 |   682
        Lair:5 |       0 |    3005 |   0.0 |       0 |      14 |   0.0 |   565
      Shoals:1 |       0 |    6189 |   0.0 |       0 |      16 |   0.0 |   533
      Shoals:2 |       0 |    2621 |   0.0 |       0 |       5 |   0.0 |   116
      Shoals:3 |       0 |   19500 |   0.0 |       0 |      39 |   0.0 |  1112
      Shoals:4 |       0 |   26429 |   0.0 |       0 |      52 |   0.0 |   694
      Spider:1 |       0 |   17048 |   0.0 |       0 |      53 |   0.0 |   435
      Spider:2 |       0 |   20020 |   0.0 |       0 |      51 |   0.0 |   555
      Spider:3 |       0 |    5024 |   0.0 |       0 |      18 |   0.0 |   157
      Spider:4 |       0 |   53664 |   0.0 |       0 |     113 |   0.0 |  1317
         Orc:1 |       0 |    2681 |   0.0 |       0 |      21 |   0.0 |   594
         Orc:2 |       0 |    9645 |   0.0 |       0 |      53 |   0.0 |   791
      Vaults:1 |       0 |   57821 |   0.0 |       0 |      88 |   0.0 |  1177
      Vaults:2 |       0 |   45238 |   0.0 |       0 |      75 |   0.0 |  1135
      Vaults:3 |       0 |   52571 |   0.0 |       0 |      74 |   0.0 |  1239
      Vaults:4 |       0 |   47529 |   0.0 |       0 |      77 |   0.0 |   911
      Vaults:5 |       0 |  115312 |   0.0 |       0 |     110 |   0.0 |  1076
       Crypt:1 |       0 |   17025 |   0.0 |       0 |      19 |   0.0 |   341
       Crypt:2 |       0 |    2838 |   0.0 |       0 |       7 |   0.0 |   122
       Crypt:3 |       0 |   64877 |   0.0 |       0 |      97 |   0.0 |  1138
      Depths:1 |       0 |   36315 |   0.0 |       0 |      52 |   0.0 |   445
      Depths:2 |       0 |  129099 |   0.0 |       0 |     134 |   0.0 |  1633
      Depths:3 |       0 |   21208 |   0.0 |       0 |      28 |   0.0 |   388
       Abyss:1 |    9715 |   23644 |  29.1 |      22 |      47 |  31.9 |   918
       Abyss:2 |       0 |     759 |   0.0 |       0 |       1 |   0.0 |    49
       Abyss:3 |    6444 |    8251 |  43.9 |      10 |      20 |  33.3 |   351
       Abyss:4 |   44203 |   18197 |  70.8 |      75 |      28 |  72.8 |   590
       Abyss:5 |     658 |   10965 |   5.7 |       1 |      13 |   7.1 |    97
           Pan |   52204 |  196930 |  21.0 |      88 |     250 |  26.0 |  6078
        WizLab |       0 |   16095 |   0.0 |       0 |      34 |   0.0 |   422
               +---------+---------+-------+---------+---------+-------+---------
